 Seeded DCSS version 0.31-a0-175-g9f7f995f2b (webtiles) character file.

Game seed: 7661172415709621334 (custom seed)

875 innerfire43 the Cutter (level 7, 0/78 HPs)
             Began as a Demonspawn Monk on June 16, 2023.
             Was a High Priest of Jiyva.
             Slain by a water moccasin (5 damage)
             ... on level 6 of the Dungeon.
             The game lasted 00:08:02 (3893 turns).

innerfire43 the Cutter (Demonspawn Monk)            Turns: 3893, Time: 00:08:02

Health: 0/78       AC: 23    Str: 13    XL:     7   Next: 74%
Magic:  7/7        EV:  2    Int: 11    God:    Jiyva [*****.]
Gold:   205        SH:  0    Dex: 22    Spells: 6/6 levels left

rFire   . . .        l - +2 dagger (drain)
rCold   . . .        d - orb {light}
rNeg    . . .        p - melded +3 leather armour
rPois   +            (helmet currently unavailable)
rElec   .            (cloak currently unavailable)
rCorr   +            (gloves currently unavailable)
SInv    .            (boots currently unavailable)
Will    +....        (no amulet)
Stlth   +            u - +6 ring of dexterity
HPRegen 1.77/turn    (no ring)
MPRegen 0.55/turn

%: no passive effects
@: tree-form, enlightened, glowing
A: stationary, stasis, torment immunity, boosted hp, (antennae 2), (large bone
plates 1), ignite blood 1, (fire resistance 1), (pseudopods 3)
a: Renounce Religion, Oozemancy, Slimify


You were on level 6 of the Dungeon.
You worshipped Jiyva.
Jiyva was extremely pleased with you.
You were a tree.
You visited 1 branch of the dungeon, and saw 6 of its levels.

You collected 205 gold pieces.

Inventory:

Hand Weapons
 a - a +0 short sword
 l - a +2 dagger of draining (weapon)
 y - a +1 short sword of draining
Armour
 b - a +0 robe
 d - an orb of light (worn)
 n - a +0 chain mail
 p - a +3 leather armour (melded)
 q - a +0 helmet
Jewellery
 u - a +6 ring of dexterity (left branch)
 w - a ring of protection from fire
 z - a ring of protection from fire
Wands
 v - a wand of mindburst (8)
 x - a wand of flame (15)
Scrolls
 e - 2 scrolls of identify {unknown}
 h - 5 scrolls of teleportation {unknown}
 i - 3 scrolls of noise {unknown}
 j - a scroll of revelation {unknown}
 m - a scroll of vulnerability {unknown}
 o - a scroll of blinking {unknown}
 r - a scroll of immolation {unknown}
 t - a scroll of amnesia {unknown}
Potions
 c - a potion of ambrosia
 g - a potion of enlightenment
 k - a potion of lignification
 s - a potion of might {unknown}
 A - a potion of haste {unknown}


   Skills:
 - Level 3.2 Fighting
 + Level 6.1 Short Blades
 - Level 1.3 Armour
 + Level 4.7 Dodging
 * Level 3.3 Shields
 + Level 0.4 Evocations


You had 6 spell levels left.
You didn't know any spells.
Your spell library contained the following spells:

 Spells                   Type           Power      Damage    Failure   Level
 Necrotise                Necr           0%         1d4       34%         1
 Summon Small Mammal      Summ           0%         N/A       34%         1
 Cigotuvi's Dreadful Rot  Necr/Pois/Air  0%         N/A       47%         2
 Call Canine Familiar     Summ           0%         N/A       71%         3
 Ignite Poison            Fire/Tmut/Pois 0%         N/A       71%         3
 Summon Guardian Golem    Hex/Summ       0%         N/A       71%         3
 Vampiric Draining        Necr           0%         2d6       71%         3
 Agony                    Necr           0%         N/A       100%        5
 Freezing Cloud           Conj/Ice/Air   0%         6-21      100%        5


Dungeon Overview and Level Annotations

Branches:
Dungeon (6/15)
 Temple: D:4-7

Altars:
Ashenzari
Gozag
Ru
Jiyva

Shops:
D:2 ??!(   D:3 (


Innate Abilities, Weirdness & Mutations

You are a tree.
Your roots penetrate the ground, keeping you stationary.
You cannot be teleported.
You are immune to unholy pain and torment.
Your maximum health is greatly increased.
Your equipment is partially melded.
((You have a pair of antennae on your head.))
((You are partially covered in large bone plates. (SH +4)))
Your demonic aura sometimes causes spilled blood to erupt in flames.
((Your flesh is heat resistant. (rF+)))
((Armour fits poorly on your massive pseudopods.))


Message History

You drain the orc priest.
The orc priest is moderately wounded.
You feel sick.
The water moccasin bites you but does no damage.
You hit the orc priest but do no damage.
The orc priest is moderately wounded.
The water moccasin bites you but does no damage.
The orc priest hits you but does no damage.
You hit the orc priest but do no damage.
You drain the orc priest.
The orc priest is heavily wounded.
You feel sick.
The water moccasin bites you but does no damage.
The orc priest hits you but does no damage.
You barely miss the orc priest.
The orc priest is heavily wounded.
You feel sick.
You are no longer poisoned.
The water moccasin bites you but does no damage.
You hit the orc priest.
The orc priest is heavily wounded.
The orc priest hits you but does no damage.
The water moccasin bites you but does no damage.
You barely miss the orc priest.
The orc priest is heavily wounded.
The water moccasin bites you but does no damage.
The orc priest hits you but does no damage.
You hit the orc priest but do no damage.
The orc priest is heavily wounded.
The water moccasin bites you but does no damage.
The orc priest mumbles some strange prayers to Beogh against you.
Beogh smites you!
* * * LOW HITPOINT WARNING * * *
You hit the orc priest but do no damage.
The orc priest is heavily wounded.
The water moccasin bites you but does no damage.
You hit the orc priest but do no damage.
The orc priest is heavily wounded.
The water moccasin bites you.
You die...

..#.. .......
.#..##.#o...
......{... ##
.>....$. ..# ..
#.#.##.# .(.#
#.##.#.##.##...<.
#...............#
####.S)o.....#..#
###♣##.####
#.##.# #.##.#
#.##.# #.##.#
##.##.. #<#.#.#
#####


You could see a water moccasin and an orc priest (very drained).

Vanquished Creatures
  2 water moccasins
  An ogre (D:5)
  A centaur (D:5)
  2 scorpions (D:5)
  A hound (D:4)
  2 iguanas (D:5)
  2 sleepcaps
  3 orc wizards
  Robin (D:4)
  3 adders
  3 white imps (D:5)
  2 worms
  2 dart slugs (D:1)
  15 orcs
  A bat (D:1)
  3 endoplasms
  3 giant cockroaches
  16 hobgoblins
  2 jackals (D:3)
  11 kobolds
  5 quokkas
  6 ball pythons
  4 frilled lizards
  18 goblins
  4 rats
113 creatures vanquished.

Vanquished Creatures (others)
  An iguana (D:5)
  3 orcs
  A giant cockroach (D:4)
  A goblin (D:4)
  A ball python (D:4)
7 creatures vanquished.

Grand Total: 120 creatures vanquished

Notes
Turn   | Place    | Note
-------+----------+-------------------------------------------
     0 | D:1      | innerfire43 the Demonspawn Monk began the quest for the
                  | Orb.
     0 | D:1      | Reached XP level 1. HP: 18/18 MP: 1/1
   231 | D:1      | Gained mutation: You are partially covered in large bone
                  | plates. (SH +4) [demonic ancestry]
   231 | D:1      | Reached XP level 2. HP: 16/24 MP: 2/2
   330 | D:1      | Reached skill level 3 in Short Blades
   544 | D:1      | Reached XP level 3. HP: 19/29 MP: 3/3
  1118 | D:2      | Found Deeti's Magic Scroll Emporium.
  1208 | D:2      | Found Wedoer's Distillery.
  1265 | D:2      | Found Nauly's Antique Weapon Emporium.
  1333 | D:2      | Found Wifimure's Magic Scroll Boutique.
  1772 | D:2      | Gained mutation: Your demonic aura sometimes causes spilled
                  | blood to erupt in flames. [demonic ancestry]
  1772 | D:2      | Reached XP level 4. HP: 35/35 MP: 4/4
  1936 | D:3      | Reached skill level 4 in Short Blades
  1999 | D:3      | Reached skill level 1 in Shields
  2065 | D:3      | Found a faded altar of an unknown god.
  2076 | D:3      | Prayed at the altar of an unknown god.
  2076 | D:3      | Became a worshipper of Jiyva Justilul the Shapeless
  2076 | D:3      | Reached * piety under Jiyva
  2076 | D:3      | Reached ** piety under Jiyva
  2149 | D:3      | Found Veuxzus's Antique Weapon Shoppe.
  2222 | D:3      | Found a broken altar of Ashenzari.
  2236 | D:3      | Reached *** piety under Jiyva
  2608 | D:4      | Gained mutation: Armour fits poorly on your pseudopods.
                  | [Jiyva's grace]
  2608 | D:4      | Gained mutation: Armour fits poorly on your large
                  | pseudopods. [Jiyva's grace]
  2608 | D:4      | Gained mutation: Armour fits poorly on your massive
                  | pseudopods. [Jiyva's grace]
  2608 | D:4      | Gained mutation: Your flesh is heat resistant. (rF+)
                  | [Jiyva's grace]
  2620 | D:4      | Gained mutation: You have a pair of small antennae on your
                  | head. [demonic ancestry]
  2620 | D:4      | Reached XP level 5. HP: 41/41 MP: 5/5
  2629 | D:4      | Noticed Robin
  2642 | D:4      | Killed Robin
  3089 | D:5      | Entered Level 5 of the Dungeon
  3091 | D:5      | Reached **** piety under Jiyva
  3154 | D:5      | Noticed a centaur
  3162 | D:5      | Killed a centaur
  3163 | D:5      | Reached skill level 1 in Armour
  3163 | D:5      | Gained mutation: You have a pair of antennae on your head.
                  | [demonic ancestry]
  3163 | D:5      | Reached XP level 6. HP: 46/47 MP: 6/6
  3303 | D:5      | Reached skill level 5 in Short Blades
  3304 | D:5      | Found a sacrificial altar of Ru.
  3304 | D:5      | Noticed a water moccasin
  3313 | D:5      | Killed a water moccasin
  3374 | D:5      | Reached XP level 7. HP: 52/52 MP: 7/7
  3478 | D:5      | Found an opulent altar of Gozag.
  3840 | D:6      | Reached ***** piety under Jiyva
  3848 | D:6      | Reached skill level 6 in Short Blades
  3891 | D:6      | HP: 3/78 [orc priest/divine providence (12)]
  3893 | D:6      | Slain by a water moccasin

Illustrated notes

Levels and vault maps discovered:
D:1:      lemuel_arrival_hallway, layout_loops_ring, hangedman_decor_push,
          minivault_26
D:2:      layout_basic, serial_shops, shop, nicolae_shop_back_alley_shop, shop,
          shop, corexii_hall_statues_i, st_stairs_13
D:3:      layout_loops_ring, ashenzari_conservatory_becter, serial_shops, shop,
          chequers_ecumenical_altar_simple_redux, serial_bayou_ford_a
D:4:      nicolae_BIG_FREAKIN_CUBE, layout_rooms, uniq_robin
D:5:      layout_basic, mainiacjoe_overflow_small_starburst,
          mainiacjoe_overflow_catwalk
D:6:      layout_loops_ring, grunt_dithmenos_smoke_and_mirrors, temple_hall,
          serial_shops, shop

Skill      XL: |  1  2  3  4  5  6  7 |
---------------+----------------------+-----
Short Blades   | 3 4 5 6 |  6.1
Dodging        | 3 4 |  4.7
Shields        | 1 2 3 |  3.3
Armour         | 1 |  1.3
Fighting       | |  3.2
Evocations     | |  0.4

Action                     |  1- 3 |  4- 6 |  7- 9 || total
---------------------------+-------+-------+-------++-------
  Melee: Short sword       |   171 |       |       ||   171
         Dagger            |     5 |   152 |    45 ||   202
         Pseudopods        |       |    19 |     8 ||    27
  Evoke: Wand              |       |       |     3 ||     3
    Use: Potion            |       |       |     3 ||     3
 Armour: Robe              |    17 |       |       ||    17
         Chain mail        |     1 |       |       ||     1
         Leather armour    |       |    23 |     7 ||    30
         Skin              |       |       |    29 ||    29
  Dodge: Dodged            |    90 |    68 |    20 ||   178
  Block: Orb               |    11 |    14 |     4 ||    29

Table legend: (Time is in decaauts)
 A = Elapsed time spent in this place.
 B = Non-inter-level travel time spent in this place.
 C = Inter-level travel time spent in this place.
 D = Time resting spent in this place.
 E = Time spent auto-exploring this place.
 F = Levels seen in this place.
 G = Mean time per level.
                   A        B        C        D        E       F      G
               +--------+--------+--------+--------+--------+-----+--------+
         Total |   3836 |   3719 |    117 |      0 |   3011 |   6 |  639.3 |
       Dungeon |   3836 |   3719 |    117 |      0 |   3011 |   6 |  639.3 |
               +--------+--------+--------+--------+--------+-----+--------+

Top non-repeatable levels by time:
     D:1: 988 daAuts
     D:2: 828 daAuts
     D:3: 766 daAuts
     D:5: 729 daAuts
     D:4: 472 daAuts
     D:6: 52 daAuts
